 Dungeon Crawl Stone Soup version 0.29.1-2-gbd0b4ee654 (webtiles) character file.

Game seed: 17391955139206087037

68 safid the Shooter (level 4, -7/40 HPs)
             Began as a Minotaur Hunter on Nov 4, 2022.
             Mangled by a gnoll
             ... wielding a +0 halberd
              (10 damage)
             ... on level 2 of the Dungeon.
             The game lasted 00:01:54 (1880 turns).

safid the Shooter (Minotaur Hunter)                 Turns: 1880, Time: 00:01:55

Health: -7/40      AC:  4    Str: 15    XL:     4   Next: 1%
Magic:  3/3        EV: 12    Int:  6    God:
Gold:   32         SH:  0    Dex: 16    Spells: 3/3 levels left

rFire   . . .      SeeInvis +   a - +0 shortbow
rCold   . . .      Faith    .   (shield currently unavailable)
rNeg    . . .      Spirit   .   c - +0 leather armour
rPois   .          Reflect  .   (helmet restricted)
rElec   .          Harm     .   l - +0 cloak
rCorr   .          Rampage  .   (no gloves)
Will    .....                   (no boots)
Stlth   +.........              (no amulet)
HPRegen 0.13/turn               g - ring of see invisible
MPRegen 0.08/turn               (no ring)

@: no status effects
A: horns 2, retaliatory headbutt
a: no special abilities


You were on level 2 of the Dungeon.
You visited 1 branch of the dungeon, and saw 2 of its levels.

You collected 32 gold pieces.

Inventory:

Hand Weapons
 a - a +0 shortbow (weapon)
Missiles
 f - 4 silver javelins
Armour
 c - a +0 leather armour (worn)
 l - a +0 cloak (worn)
Jewellery
 g - a ring of see invisible (left hand)
Scrolls
 b - a scroll of immolation
 e - 5 scrolls of identify {unknown}
 h - a scroll of poison {unknown}
 i - a scroll of magic mapping {unknown}
 m - a scroll of enchant armour {unknown}
Potions
 d - a potion of curing {unknown}
 j - a potion of resistance {unknown}
 k - a potion of attraction {unknown}
 n - a potion of heal wounds {unknown}


   Skills:
 + Level 4.0 Fighting
 + Level 5.3 Ranged Weapons
 - Level 2.1 Dodging
 - Level 0.7 Stealth


You had 3 spell levels left.
You didn't know any spells.
Your spell library was empty.

Dungeon Overview and Level Annotations

Branches:
Dungeon (2/15)

Altars:


Innate Abilities, Weirdness & Mutations

You have a pair of horns on your head.
You reflexively headbutt those who attack you in melee.


Message History

The gnoll barely misses you.
You shoot an arrow. The arrow closely misses the gnoll.
The arrow hits the gnoll.
The gnoll is lightly wounded.
The gnoll barely misses you.
You shoot an arrow.
The arrow hits the gnoll but does no damage.
The gnoll is almost dead.
The gnoll barely misses you.
You shoot an arrow. The arrow barely misses the gnoll. x2
A rat comes into view.
The gnoll hits you from afar with a +0 halberd!
The gnoll closely misses you.
You are too injured to fight recklessly!
You are too injured to fight recklessly!
You are too injured to fight recklessly!
You are too injured to fight recklessly!
Unknown command.
Fire: a) +0 shortbow
Press: ? - help, Q - select action, (/) - cycle Shift-Dir - straight line, f/p - gnoll
Aim: a gnoll, wielding a +0 halberd (almost dead, 68% to hit)
You shoot an arrow.
The arrow hits the gnoll but does no damage.
The gnoll is almost dead.
The gnoll hits you from afar with a +0 halberd!
* * * LOW HITPOINT WARNING * * *
The rat barely misses you.
Fire: a) +0 shortbow
Press: ? - help, Q - select action, (/) - cycle Shift-Dir - straight line, f - rat, p - gnoll
Aim: a rat (64% to hit)
You shoot an arrow. The arrow barely misses the rat.
The gnoll closely misses you. The rat barely misses you.
Unknown command.
Fire: a) +0 shortbow
Press: ? - help, Q - select action, (/) - cycle Shift-Dir - straight line, f/p - rat
Aim: a rat (64% to hit)
You shoot an arrow. The arrow hits the rat.
You kill the rat!
The gnoll hits you from afar with a +0 halberd!
You die...

######.# #...# #.#####>#..#.#
#......###...####..........#.#
#.####.#...........>....#.##.#
#.######.###.############.##.#
#...)...............<.....##.#
########.####...############.#
# #.# #...............†.# #
#.# #..################ # #.#
#....@.gg....# # #.#
#.##########.# # #.# #....# .#
#.# ####.# g# #.# #.# .#
########.# #.# .# .........#
#.# g# ############# #.# .#
#.# #.#


You could see 2 gnolls.

Vanquished Creatures
  A gnoll (D:2)
  2 worms (D:2)
  A dart slug (D:1)
  4 bats
  4 endoplasms
  3 giant cockroaches
  3 goblins
  8 hobgoblins
  2 jackals (D:1)
  3 quokkas
  3 ball pythons
  2 frilled lizards
  4 kobolds
  7 rats
47 creatures vanquished.

Notes
Turn   | Place    | Note
-------+----------+-------------------------------------------
     0 | D:1      | safid the Minotaur Hunter began the quest for the Orb.
     0 | D:1      | Reached XP level 1. HP: 18/18 MP: 0/0
    79 | D:1      | Reached XP level 2. HP: 21/26 MP: 1/1
   624 | D:1      | Found a faded altar of an unknown god.
  1029 | D:2      | Reached skill level 5 in Ranged Weapons
  1029 | D:2      | Reached XP level 3. HP: 31/31 MP: 2/2
  1863 | D:2      | Reached XP level 4. HP: 40/40 MP: 3/3
  1880 | D:2      | Mangled by a gnoll

Illustrated notes

Levels and vault maps discovered:
D:1:      co_arrival_square_in_a_square_in_a_square, layout_loops_cross,
          ebering_ecumenical_altar_abandoned, nicolae_hexahallways,
          reono_crystal_passage, st_stairs_7
D:2:      layout_basic

Skill      XL: |  1  2  3 |
---------------+----------+-----
Fighting       | 3 4 |  4.0
Ranged Weapons | 5 |  5.3
Dodging        | |  2.1
Stealth        | |  0.7

Action                   |  1- 3 |  4- 6 || total
-------------------------+-------+-------++-------
 Fire: Shortbow          |   129 |    12 ||   141
Armor: Leather armour    |     9 |       ||     9
Dodge: Dodged            |    32 |    11 ||    43
